 Dungeon Crawl Stone Soup version 0.24.0-123-gd5b16e6ec5 (webtiles) character file.

Game seed: 8651532065205100683, levelgen mode: deterministic

25078 esom the Cleaver (level 12, -3/101 HPs)
             Began as a Demigod Fighter on Feb 3, 2020.
             Slain by an entropy weaver (10 damage)
             ... in a Gauntlet.
             The game lasted 00:49:24 (17255 turns).

esom the Cleaver (Demigod Fighter)                 Turns: 17255, Time: 00:49:24

Health: -3/101     AC: 12    Str: 29    XL:     12   Next: 51%
Magic:  15/15      EV: 11    Int: 14    God:
Gold:   697        SH: 14    Dex: 25    Spells: 11/11 levels left

rFire    . . .     SeeInvis +   a - +3 hand axe (venom)
rCold    + . .     Gourm    .   c - +0 shield
rNeg     + . .     Faith    .   l - +0 plate armour
rPois    .         Spirit   .   (no helmet)
rElec    .         Reflect  .   w - +2 cloak
rCorr    .         Harm     .   x - +0 pair of gloves {Dex+3}
MR       ++...     Clarity  +   G - +0 pair of boots Stlth ..........NoTele +
                                (no amulet)
HPRegen  0.26/turn              J - ring of Uniu {SInv Stlth+}
MPRegen  0.14/turn              v - ring "Boqeoly" {rC+ rN+ MR+ Str+4 Dex+2}

@: agile, corroded
A: blurry vision 1, clarity, high mp 1, shaggy fur 1
a: no special abilities


You were in a Gauntlet.
You were not hungry.

You visited 1 branch of the dungeon, and saw 13 of its levels.
You also visited: Sewer and Gauntlet.

You collected 972 gold pieces.
You spent 275 gold pieces at shops.

Inventory:

Hand Weapons
 a - a +3 hand axe of venom (weapon)
 b - a +2 hand axe of chopping
 D - a +2 spear of pain
 T - a +0 broad axe
Missiles
 g - 47 poisoned darts (quivered)
 i - 6 atropa-tipped darts
 t - 14 boomerangs
 K - 8 datura-tipped darts
 M - 2 javelins
 O - 2 throwing nets
 W - 3 boomerangs of dispersal
Armour
 c - a +0 shield (worn)
 l - a +0 plate armour (worn)
 w - a +2 cloak (worn)
 x - a +0 pair of gloves of dexterity (worn)
 G - a +0 pair of boots (worn)
 N - a +1 chain mail of cold resistance
 P - a scarf of repulsion
 X - a scarf of resistance
Jewellery
 e - an uncursed ring of protection from fire
 v - the ring "Boqeoly" (right hand) {rC+ rN+ MR+ Str+4 Dex+2}
   (You found it in a sewer)

   [ring of protection from cold]

   It affects your strength (+4).
   It affects your dexterity (+2).
   It protects you from cold.
   It protects you from negative energy.
   It affects your resistance to hostile enchantments.
 J - the ring of Uniu (left hand) {SInv Stlth+}
   (You took it off an orc warrior on level 7 of the Dungeon)

   [ring of see invisible]

   It lets you see invisible.
   It makes you more stealthy.
Wands
 n - a wand of iceblast (14)
 q - a wand of acid (13)
 s - a wand of polymorph (7)
 y - a wand of random effects (44)
 B - a wand of enslavement (8)
 H - a wand of paralysis (20)
 Q - a wand of flame (35)
Scrolls
 h - a scroll of amnesia
 k - a scroll of holy word
 m - 3 scrolls of teleportation
 p - 3 scrolls of magic mapping
 u - 9 scrolls of remove curse
 A - 5 scrolls of blinking
 I - 2 scrolls of summoning
 R - a scroll of immolation
 V - 2 scrolls of identify
Potions
 d - a potion of might
 j - 4 potions of curing
 o - 2 potions of cancellation
 r - 3 potions of flight
 z - 3 potions of ambrosia
 C - 2 potions of agility
 E - 5 potions of magic
 F - a potion of resistance
 S - a potion of brilliance
Miscellaneous
 L - a lamp of fire (inert)
 U - a sack of spiders
Comestibles
 f - 30 rations


   Skills:
 * Level 8.1 Fighting
 * Level 13.4 Axes
 * Level 2.9 Throwing
 * Level 8.4 Armour
 * Level 10.1 Shields


You had 11 spell levels left.
You didn't know any spells.
Your spell library contained the following spells:

 Spells                   Type           Power        Failure   Level  Hunger
 Apportation              Tloc           #.....       99%         1    ##.....
 Beastly Appendage        Tmut           #.....       99%         1    ##.....
 Flame Tongue             Conj/Fire      #....        99%         1    ##.....
 Freeze                   Ice            #...         99%         1    ##.....
 Sting                    Conj/Pois      #...         99%         1    ##.....
 Summon Butterflies       Summ           #.......     99%         1    ##.....
 Throw Frost              Conj/Ice       #.....       100%        2    ###....
 Ozocubu's Armour         Chrm/Ice       #.......     100%        3    ####...
 Leda's Liquefaction      Hex/Erth       #.........   100%        4    #####..
 Summon Ice Beast         Ice/Summ       #.......     100%        4    #####..
 Throw Icicle             Conj/Ice       #.......     100%        4    #####..
 Bolt of Magma            Conj/Fire/Erth #.........   100%        5    ######.
 Irradiate                Conj/Tmut      #.........   100%        5    ######.
 Hydra Form               Tmut           #.........   100%        6    #######
 Iron Shot                Conj/Erth      #.........   100%        6    #######
 Statue Form              Tmut/Erth      #........    100%        6    #######
 Dragon Form              Tmut           #.........   100%        7    #######
 Shatter                  Erth           #.........   100%        9    #######


Dungeon Overview and Level Annotations

Branches:
Dungeon (13/15)            Temple (0/1) D:7            Lair (0/6) D:11
    Orc (0/2) D:9           Sewer (visited)         Gauntlet (1/1)
 Vaults: D:13-14

Shops:
D:4 *}[[   D:5 *   D:8 [(

Annotations:
D:5 2 runed translucent doors, Esos's ghost, amateur DgIE
D:6 exclusion: downstairs
D:7 4 runed translucent doors, exclusion: downstairs, Crazy Yiuf; sankara's ghost, novice OpFE
D:9 2 transporters hidden wall dig, Inkh5's ghost, novice CeHu
D:10 exclusion: downstairs Gauntlet 11 transporters, exclusion: ice statue


Innate Abilities, Weirdness & Mutations

You have an increased reservoir of magic. (+10% MP)
Scrolls take you a little longer to read.
You possess an exceptional clarity of mind.
You are covered in fur. (AC +1)


Message History

The entropy weaver hits you.
* * * LOW HITPOINT WARNING * * *
The entropy weaver hits you but does no damage.
You block the entropy weaver's attack. The entropy weaver closely misses you.
The entropy weaver hits you but does no damage.
The entropy weaver hits you.
* * * LOW HITPOINT WARNING * * *
You block the entropy weaver's attack.
The entropy weaver hits you but does no damage.
Okay, then.
Okay, then.
You hit the entropy weaver but do no damage.
The entropy weaver looks as sick as possible!
The entropy weaver is almost dead.
You hit the entropy weaver but do no damage.
The entropy weaver looks as sick as possible!
The entropy weaver is almost dead.
The entropy weaver hits you but does no damage.
The entropy weaver hits you!
You die...

...............≈# #8
##.#########.##########
.#.#..≈∩≈§.#.#.......≈#
.#©#.....§.#©#........###
######...###########..#8#
.#...#...#.........#..###
..#..#...#...###...#....#
##.#...#[...#.a..#....###
.##.=#...#.#..#©@#.###..#8#
©^#.©#...#©.######.#©#..###
.##.$#...#[#..#..#.#.#..#
..##?#...#[...#....#.#..###
..#..#...#...###...#.#..#8#
.#^.t#...#.........#.#..#########
######...###########.#........#8#
.......≈...........#.#........###
##....≈8§....#######.#######.....


You could see an entropy weaver.

Vanquished Creatures
  Harold (D:7)
  A tengu warrior (D:13)
  3 two-headed ogres
  A death scarab (Gauntlet)
  Nergalle (D:10)
  2 unseen horrors
  4 ugly things
  A deep elf mage (D:12)
  2 cyclopes
  Joseph (D:10)
  Psyche (D:10)
  A guardian serpent (D:9)
  A gargoyle (D:11)
  4 kobold demonologists
  4 trolls
  A jumping spider (Gauntlet)
  5 hippogriffs
  A slime creature (D:12)
  A centaur simulacrum (D:12)
  A redback (Gauntlet)
  2 wyverns
  2 wraiths
  13 yaks
  A hungry ghost (D:9)
  A neqoxec (Gauntlet)
  Menkaure (D:7)
  A chaos spawn (Gauntlet)
  A soldier ant (D:12)
  2 water moccasins (D:9)
  4 orc warriors
  A spectral torpor snail (Gauntlet)
  7 ice beasts
  A black bear (D:10)
  2 necrophages
  13 ogres
  3 sky beasts
  7 phantoms
  A wolf (D:12)
  6 centaurs
  3 crocodiles
  3 big kobolds (D:12)
  10 bullfrogs
  7 scorpions
  9 killer bees
  5 wights
  A howler monkey (D:4)
  8 crimson imps
  2 centaur zombies
  4 bullfrog zombies
  A hound (D:13)
  2 bullfrog skeletons
  2 jellies (D:10)
  14 orc wizards
  A quasit (D:7)
  10 orc priests
  3 centaur skeletons
  A gnoll shaman (D:10)
  2 iguanas
  9 worker ants
  2 hound skeletons (D:8)
  4 gnolls (D:10)
  18 adders
  5 shadow imps
  An ufetubus (D:12)
  An ooze (D:2)
  An adder zombie (D:4)
  7 worms
  7 leopard geckos
  60 orcs
  3 ball pythons
  3 bat zombies (D:7)
  15 giant cockroaches
  5 goblins
  8 hobgoblins
  12 jackals
  9 quokkas
  6 bats
  11 frilled lizards
  12 kobolds
  A leopard gecko skeleton (D:8)
  A leopard gecko zombie (D:6)
  10 rats
  A rat zombie (D:7)
  A bush (D:5)
  9 plants (D:3)
416 creatures vanquished.

Vanquished Creatures (others)
  An iguana (D:4)
  An ooze (D:4)
  An orc (D:4)
  A giant cockroach (D:4)
  3 demonic plants (Gauntlet)
  3 fungi (D:7)
  6 plants
16 creatures vanquished.

Grand Total: 432 creatures vanquished

Notes
Turn   | Place    | Note
-------+----------+-------------------------------------------
     0 | D:1      | esom the Demigod Fighter began the quest for the Orb.
     0 | D:1      | Reached XP level 1. HP: 18/18 MP: 3/3
   120 | D:1      | Reached skill level 2 in Axes
   275 | D:1      | Reached XP level 2. HP: 24/26 MP: 4/4
  1025 | D:2      | Found an opulent altar of Gozag.
  1086 | D:2      | Reached skill level 3 in Axes
  1086 | D:2      | Reached XP level 3. HP: 31/31 MP: 5/5
  1324 | D:2      | Found a basalt altar of Yredelemnul.
  1541 | D:3      | Found a glowing drain.
  1628 | Sewer    | Entered a sewer
  1656 | Sewer    | Reached XP level 4. HP: 38/38 MP: 6/6
  1851 | Sewer    | Noticed a bullfrog
  1852 | Sewer    | Noticed a bullfrog
  1858 | Sewer    | Killed a bullfrog
  1858 | Sewer    | Reached skill level 4 in Axes
  1861 | Sewer    | Killed a bullfrog
  1861 | Sewer    | Reached skill level 5 in Axes
  1861 | Sewer    | Reached XP level 5. HP: 38/45 MP: 7/7
  1937 | Sewer    | Got an ancient iron ring
  1938 | Sewer    | Identified the ring "Boqeoly" {rC+ rN+ MR+ Str+4 Dex+2}
                  | (You found it in a sewer)
  2544 | D:3      | Found a burning altar of Makhleb.
  3033 | D:3      | Reached XP level 6. HP: 51/51 MP: 8/8
  3391 | D:4      | Found Fumm's Antique Armour Shop.
  3410 | D:4      | Bought a pair of glowing gloves for 195 gold pieces
  3484 | D:4      | Reached skill level 6 in Axes
  3502 | D:4      | Found Dankizoi's Antique Armour Shoppe.
  3709 | D:4      | Found a shimmering altar of Xom.
  3741 | D:4      | Found Hiroal's Gadget Boutique.
  3748 | D:4      | Reached XP level 7. HP: 56/58 MP: 9/9
  3922 | D:4      | Found Dewof's General Store.
  4092 | D:4      | Reached skill level 7 in Axes
  4424 | D:5      | Entered Level 5 of the Dungeon
  4430 | D:5      | Found Zin's Purification Station.
  4435 | D:5      | Found a glowing silver altar of Zin.
  4525 | D:5      | Found a runed translucent door.
  4550 | D:5      | Noticed Esos's ghost (amateur DgIE)
  4740 | D:5      | Found an ornate altar of the Wu Jian Council.
  4813 | D:5      | Reached XP level 8. HP: 64/67 MP: 10/10
  4833 | D:5      | Reached skill level 8 in Axes
  5245 | D:5      | Found a runed translucent door.
  5301 | D:6      | Found a sacrificial altar of Ru.
  5894 | D:6      | Found a radiant altar of Vehumet.
  6072 | D:7      | Reached skill level 9 in Axes
  6152 | D:7      | Found a runed translucent door.
  6153 | D:7      | Noticed Crazy Yiuf
  6263 | D:7      | Reached skill level 5 in Shields
  6455 | D:7      | Reached XP level 9. HP: 73/73 MP: 11/11
  6510 | D:7      | Noticed Menkaure
  6530 | D:7      | Killed Menkaure
  6530 | D:7      | Reached skill level 5 in Fighting
  6658 | D:7      | Found a staircase to the Ecumenical Temple.
  6855 | D:7      | Found an ancient bone altar of Kikubaaqudgha.
  6895 | D:7      | Found a glowing golden altar of the Shining One.
  6929 | D:7      | Noticed a cyan ugly thing
  6932 | D:7      | Noticed a two-headed ogre
  6958 | D:7      | Killed a cyan ugly thing
  7220 | D:7      | Found a runed translucent gate.
  7220 | D:7      | Found a runed translucent gate.
  7220 | D:7      | Found a runed translucent gate.
  7222 | D:7      | Noticed sankara's ghost (novice OpFE)
  7260 | D:7      | Killed a two-headed ogre
  7260 | D:7      | Reached skill level 10 in Axes
  7381 | D:7      | Identified the ring of Uniu {SInv Stlth+}
  7731 | D:4      | Bought a potion of mutation for 80 gold pieces
  7731 | D:4      | Gained mutation: Scrolls take you a little longer to read.
                  | [potion of mutation]
  7731 | D:4      | Gained mutation: You are covered in fur. (AC +1) [potion of
                  | mutation]
  7731 | D:4      | Gained mutation: You possess an exceptional clarity of
                  | mind. [potion of mutation]
  7832 | D:7      | Noticed a cyclops
  7848 | D:7      | Killed a cyclops
  7848 | D:7      | Reached skill level 5 in Armour
  7867 | D:8      | Noticed Harold
  7891 | D:7      | Killed Harold
  7891 | D:7      | Reached XP level 10. HP: 74/83 MP: 13/13
  7909 | D:7      | Identified the +1 robe of Saits {rN+ Regen+ Dex+3}
  8322 | D:8      | Found Yngaor's Armour Boutique.
  8453 | D:8      | Found Ryff's Weapon Emporium.
  8612 | D:8      | Found a shattered altar of Ashenzari.
  8683 | D:8      | Found an ornate altar of the Wu Jian Council.
  8871 | D:8      | Identified Sif Muna's Introduction to Spellweaving
  9620 | D:9      | Found a transporter.
  9661 | D:9      | Noticed Inkh5's ghost (novice CeHu)
  9671 | D:9      | Found a transporter.
  9731 | D:9      | Reached skill level 11 in Axes
  9882 | D:9      | Found a shimmering blue altar of Sif Muna.
 10150 | D:9      | Found a staircase to the Orcish Mines.
 10270 | D:9      | Found a white marble altar of Elyvilon.
 10486 | D:9      | Noticed a guardian serpent
 10505 | D:9      | Killed a guardian serpent
 10968 | D:9      | Noticed a moth of wrath
 10992 | D:10     | Entered Level 10 of the Dungeon
 10992 | D:10     | Noticed Joseph
 11015 | D:10     | Paralysed by Joseph for 4 turns
 11029 | D:10     | Killed Joseph
 11544 | D:10     | Noticed Psyche
 11560 | D:10     | Killed Psyche
 11560 | D:10     | Reached XP level 11. HP: 90/90 MP: 14/14
 11779 | D:10     | Noticed Nergalle
 11805 | D:10     | Killed Nergalle
 12149 | D:10     | Found an opulent altar of Gozag.
 12356 | D:11     | Found a staircase to the Lair.
 12356 | D:11     | Noticed a two-headed ogre
 12781 | D:11     | Noticed an unseen horror
 12789 | D:10     | Reached skill level 12 in Axes
 12983 | D:11     | Killed an unseen horror
 13528 | D:11     | Found a sparkling altar of Nemelex Xobeh.
 14253 | D:11     | Killed a two-headed ogre
 14934 | D:12     | Reached skill level 1 in Throwing
 15115 | D:12     | Reached XP level 12. HP: 88/100 MP: 15/15
 15514 | D:12     | Reached skill level 13 in Axes
 16542 | D:13     | Found a gate leading to a gauntlet.
 16551 | Gauntlet | Entered a Gauntlet
 16551 | Gauntlet | Found a transporter.
 16551 | Gauntlet | Found a transporter.
 16556 | Gauntlet | Found a transporter.
 16558 | Gauntlet | Found a transporter.
 16566 | Gauntlet | Found a transporter.
 16574 | Gauntlet | Noticed an entropy weaver
 16576 | Gauntlet | Found a transporter.
 16576 | Gauntlet | Found a transporter.
 16600 | Gauntlet | Found a transporter.
 16607 | Gauntlet | Found a transporter.
 16619 | Gauntlet | Found a transporter.
 16637 | Gauntlet | Found a transporter.
 16659 | Gauntlet | Found a transporter.
 16705 | Gauntlet | Found a transporter.
 16723 | Gauntlet | Found a transporter.
 16823 | Gauntlet | Found a transporter.
 16839 | Gauntlet | Found a transporter.
 16961 | Gauntlet | Reached skill level 10 in Shields
 17255 | Gauntlet | Slain by an entropy weaver

Levels and vault maps discovered:
D:1:      ncdulo_lavacross, layout_basic, serial_park_tiny_1,
          minmay_crystal_room
D:2:      layout_rooms, nicolae_overflow_crystal_walls,
          overflow_temple_1_default, kennysheep_nondescript
D:3:      layout_rooms, lemuel_coloured_pillars_altar,
          cheibrodos_sewer_entry_drain, serial_bayou, serial_bayou_pond_c,
          serial_bayou_lagoon_a, serial_bayou_lake_a, serial_bayou_ford_a,
          serial_bayou_crossing
D:4:      layout_basic, xom_confusion_cloud, serial_shops, kennysheep_mini_moat,
          nicolae_shop_behind_doors, shop,
          nicolae_shop_temple_entry_statues_fountains
D:5:      layout_rooms, zin_purify, basic_altar, first_ration,
          ebering_ghost_sewer_f, kb_lookout_dungeons_type, nrook_mini_vaults,
          corexii_hall_statues_x, minmay_misc_feat_hallway
D:6:      layout_basic, lemuel_round_altar, hangedman_ru_absence
D:7:      minmay_the_grid_triangle_9x9_recursive_2
          [minmay_the_grid_triangle_9x9_prize_schism,
          minmay_the_grid_triangle_9x9_pentomino_pain,
          minmay_the_grid_triangle_9x9_alien,
          minmay_the_grid_triangle_9x9_sprig], layout_cave_pools,
          lemuel_zombie_altar_kikubaaqudgha, marbit_many_paths,
          minmay_temple_entry_overgrown, gammafunk_ghost_nasty_kobolds,
          chequers_serial_rivers_marsh, uniq_crazy_yiuf_cottage, uniq_menkaure
D:8:      layout_basic, overflow_temple_1_default, nicolae_ashenzari_panopticon,
          serial_shops, shop, nicolae_shop_competitors_out_of_business,
          uniq_harold
D:9:      layout_loops_ring, tgw_sif, overflow_temple_1_default, orc_0_dummy,
          gammafunk_ghost_berserking_beasts, grunt_ogre_cave,
          nrook_guardian_serpent_double
D:10:     layout_roguey, nicolae_gozag_seed_capital, uniq_nergalle, uniq_joseph,
          uniq_psyche
D:11:     layout_stronghold, david_lair_generic, nemelex_altar_shiori
D:12:     layout_grid_maze, serial_ice, serial_ice_k, serial_ice_e,
          serial_ice_b, serial_ice_g, minmay_joined_circles
D:13:     layout_rooms, ximxim_vaults_locker_room, gauntlet_entry_generic,
          uniq_josephine
Gauntlet: gammafunk_gauntlet_branching [gammafunk_gauntlet_arena_mazey,
          gammafunk_gauntlet_arena_spirals, nicolae_gauntlet_arena_blocks,
          gammafunk_gauntlet_arena_split_diamond,
          nicolae_gauntlet_arena_flowing_pool, gammafunk_gauntlet_arena_grid,
          nicolae_gauntlet_arena_t_cross, gammafunk_gauntlet_arena_chambers,
          gauntlet_exit_watery]

Skill      XL: |  1  2  3  4  5  6  7  8  9 10 11 12 |
---------------+-------------------------------------+-----
Axes           | 2 3 5 6 7 9 10 11 12 13 | 13.4
Fighting       | 3 4 5 6 7 8 |  8.1
Shields        | 3 5 7 8 9 10 | 10.1
Armour         | 3 5 6 7 8 |  8.4
Throwing       | 1 2 |  2.9

Action                   |  1- 3 |  4- 6 |  7- 9 | 10-12 || total
-------------------------+-------+-------+-------+-------++-------
Melee: War axe           |    67 |       |       |       ||    67
       Hand axe          |    63 |   235 |   388 |  1065 ||  1751
Throw: Boomerang         |       |       |    20 |    10 ||    30
       Dart              |       |       |    24 |    34 ||    58
       Throwing net      |       |       |       |     2 ||     2
Evoke: Wand              |       |       |       |     1 ||     1
       Lamp of fire      |       |       |       |     1 ||     1
  Use: Scroll            |       |       |     9 |    16 ||    25
       Potion            |       |       |     3 |     6 ||     9
 Stab: Held in net/web   |       |       |       |     2 ||     2
  Eat: Chunk             |     2 |     8 |    11 |    27 ||    48
       Ration            |       |       |     1 |     2 ||     3
Armor: Scale mail        |    13 |       |       |       ||    13
       Plate armour      |    52 |   105 |   149 |   376 ||   682
Dodge: Dodged            |    29 |    14 |    50 |   161 ||   254
Block: Shield            |    70 |    71 |   159 |   463 ||   763
